 Dungeon Crawl Stone Soup version 0.15.2 (webtiles) character file.

16201 Heini the Basher (level 12, 0/113 HPs)
             Began as a Minotaur Fighter on Feb 27, 2015.
             Was a High Priest of Okawaru.
             Slain by a sixfirhy (7 damage)
             ... summoned by a kobold demonologist
             ... on Level 13 of the Dungeon.
             The game lasted 00:33:59 (13511 turns).

Heini the Basher (Minotaur Fighter)                Turns: 13511, Time: 00:34:00

HP   0/113       AC 26     Str 31      XL: 12   Next:  8%
MP   5/5         EV  6     Int  4 (5)  God: Okawaru [*****.]
Gold 297         SH 10     Dex 10      Spells:  0 memorised, 11 levels left

rFire  . . .     SeeInvis .     V - +0 morningstar (protect)
rCold  . . .     Clarity  .     W - +0 plate armour (curse)
rNeg   . . .     rCorr    .     c - +0 shield
rPois  +         rRot     .     (helmet restricted)
rElec  .         Spirit   .     R - +0 cloak
SustAb +         Warding  .     (no gloves)
rMut   .         Stasis   .     f - +2 pair of boots
Gourm  .                        Q - amulet of rage
MR     .....                    M - ring of poison resistance
                                x - ring of sustain abilities

@: mighty, not resistant to hostile enchantments, extremely unstealthy
A: retaliatory headbutt, horns 2
a: Heroism, Finesse, Renounce Religion, Evoke Berserk Rage


You were on level 13 of the Dungeon.
You worshipped Okawaru.
Okawaru was extremely pleased with you.
You were not hungry.

You visited 3 branches of the dungeon, and saw 15 of its levels.

You collected 561 gold pieces.
You spent 264 gold pieces at shops.

Inventory:

Hand weapons
 V - a +0 morningstar of protection (weapon)
Armour
 c - a +0 shield (worn)
 f - a +2 pair of boots (worn)
 R - a +0 cloak (worn)
 W - a cursed +0 plate armour (worn)
Magical devices
 y - a wand of paralysis (8)
 B - a wand of magic darts (14)
 D - a wand of disintegration (18)
 L - a wand of slowing (13)
 N - a wand of lightning (6)
 O - a wand of disintegration (9)
 P - a wand of fire (6)
 S - a wand of polymorph (18)
Comestibles
 a - 2 rotting chunks of crocodile flesh
 d - 17 bread rations
 g - 4 slices of pizza
 l - 2 beef jerkies
 p - 8 fruits
 q - a chunk of giant frog flesh
 z - 4 meat rations
 F - 2 royal jellies
Scrolls
 i - 3 scrolls of blinking
 o - a scroll of remove curse
 v - a scroll of fog
 A - a scroll of recharging
 E - 3 scrolls of enchant weapon
 I - 2 scrolls of magic mapping
 K - 8 scrolls of teleportation
Jewellery
 b - an uncursed amulet of warding
 x - a ring of sustain abilities (left hand)
 M - a ring of poison resistance (right hand)
 Q - an amulet of rage (around neck)
Potions
 e - a potion of might
 h - a potion of restore abilities {unknown}
 j - 3 potions of heal wounds
 k - a potion of degeneration {unknown}
 m - 4 potions of haste
 n - a potion of flight {unknown}
 r - a potion of berserk rage
 s - 5 potions of resistance
 t - 6 potions of curing
 u - a potion of invisibility
 w - a potion of beneficial mutation {unknown}
 C - 3 potions of agility
 G - a potion of confusion {unknown}
 J - a potion of poison {unknown}
Books
 H - a Necronomicon {highlevel, unknown}

   This book is beyond your current level of understanding.

   Spells                             Type                      Level
   Haunt                              Necromancy/Summoning         7
   Borgnjor's Revivification          Necromancy                   8
   Death's Door                       Charms/Necromancy            8
   Necromutation                      Transmutation/Necromancy     8
 U - a book of Party Tricks

   Spells                             Type                      Level
   Summon Butterflies                 Summoning                    1
   Apportation                        Translocation                1
   Blink                              Translocation                2
   Tukima's Dance                     Hexes                        3
   Alistair's Intoxication            Transmutation/Poison         4


   Skills:
 * Level 12.4 Fighting
 * Level 14.9 Maces & Flails
 * Level 13.3 Armour
 - Level 3.6 Shields
 + Level 0.2 Evocations


You had 11 spell levels left.
You didn't know any spells.

Dungeon Overview and Level Annotations

Branches:
Dungeon (13/15)            Temple (1/1) D:7             Orc (0/4) D:12
   Lair (1/8) D:9
 Vaults: D:13-14

Altars:
Ashenzari
Cheibriados
Dithmenos
Elyvilon
Fedhas
Kikubaaqudgha
Makhleb
Nemelex Xobeh
Okawaru
Qazlal
Sif Muna
Trog
Vehumet
Xom
Yredelemnul
Zin
The Shining One

Shops:
D:10 :   D:11 [}?=}


Innate Abilities, Weirdness & Mutations

You reflexively headbutt those who attack you in melee.
You have a pair of horns on your head.


Message History

The sixfirhy hits you but does no damage.
You block the sixfirhy's attack.
The sixfirhy hits you but does no damage.
The sixfirhy hits you!
* * * LOW HITPOINT WARNING * * *
The sixfirhy shocks you!
* * * LOW HITPOINT WARNING * * *
The quasit bites you but does no damage.
The quasit barely misses you.
The quasit claws you but does no damage.
Drink which item? (? for menu, Esc to quit)
You feel very mighty all of a sudden. The sixfirhy hits you.
* * * LOW HITPOINT WARNING * * *
The sixfirhy shocks you!
* * * LOW HITPOINT WARNING * * *
The sixfirhy hits you!
* * * LOW HITPOINT WARNING * * *
The sixfirhy shocks you!
You die...

. #.. ##..# ##
....## ####.
.....# ####..
K#5... .
##....###45#
..##.......9@###
........!./.K4..#
#...........###..#
###........## #.#
............# .#
.....#..D.#..# .
### ##...##.... .
#(#.)#####
##.##>#####


You could see an eight-headed hydra, a kobold demonologist, 2 sixfirhies, a
gargoyle, an iron imp, a quasit and a kobold.

Vanquished Creatures
  Josephine (D:9)
  A hydra (D:12)
  The ghost of SaintRoka the Covert, a powerful DECj of Cheibriados (D:11)
  Erolcha (D:12)
  A hill giant (D:12)
  A cyclops (D:12)
  An ugly thing (D:8)
  An orange crystal statue (D:12)
  2 komodo dragons
  A hydra zombie (D:10)
  A two-headed ogre (D:11)
  A catoblepas skeleton (D:12)
  2 hungry ghosts
  4 wyverns
  A spriggan (D:7)
  Grum (D:8)
  3 hill giant skeletons
  3 hippogriffs
  2 wolves (D:8)
  A porcupine (Lair:1)
  3 ice beasts
  A necrophage (D:6)
  8 orc warriors
  5 sky beasts
  2 black bears
  8 centaurs
  3 phantoms
  8 ogres
  9 giant frogs
  4 big kobolds
  2 crocodiles
  7 scorpions
  A troll zombie (D:10)
  A water moccasin zombie (D:5)
  23 killer bees
  A hippogriff zombie (D:11)
  18 wights
  A troll skeleton (D:9)
  2 goliath beetles
  3 crimson imps
  A quasit (D:11)
  2 electric eels
  7 hounds
  15 orc priests
  5 iguanas
  A giant frog skeleton (D:10)
  3 jellies
  A giant frog zombie (D:7)
  An iron imp (D:13)
  11 worker ants
  A two-headed ogre skeleton (D:9)
  8 orc wizards
  Jessica (D:3)
  2 ogre skeletons
  A hound zombie (D:10)
  2 hound skeletons
  A scorpion zombie (D:8)
  A worker ant zombie (D:6)
  13 adders
  12 gnolls
  2 worms
  An inept feature mimic (D:5)
  2 adder zombies
  6 giant geckos
  52 orcs
  2 ball pythons
  17 bats
  A bat zombie (D:10)
  5 giant cockroaches
  12 goblins
  19 hobgoblins
  10 jackals
  A ball python skeleton (D:4)
  4 giant newts
  3 giant spores
  A hobgoblin zombie (D:5)
  A jackal skeleton (D:5)
  23 kobolds
  4 orc skeletons
  2 orc zombies (D:10)
  A quokka (D:9)
  13 rats
  A rat zombie (D:7)
  6 ballistomycetes
  A plant (D:2)
419 creatures vanquished.

Vanquished Creatures (collateral kills)
  A wight (D:8)
1 creature vanquished.

Vanquished Creatures (others)
  A hound (D:7)
  An orc wizard (D:7)
  An orc (D:7)
  A kobold (D:8)
  A giant spore (D:7)
  A goblin (D:6)
6 creatures vanquished.

Grand Total: 426 creatures vanquished

Notes
Turn   | Place    | Note
--------------------------------------------------------------
     0 | D:1      | Heini, the Minotaur Fighter, began the quest for the Orb.
     0 | D:1      | Reached XP level 1. HP: 19/19 MP: 1/1
   318 | D:1      | Reached skill level 4 in Armour
   330 | D:1      | Reached XP level 2. HP: 27/27 MP: 1/1
   899 | D:2      | Reached XP level 3. HP: 28/33 MP: 2/2
  1339 | D:2      | Reached skill level 5 in Armour
  1736 | D:3      | Reached XP level 4. HP: 39/41 MP: 2/2
  2012 | D:3      | Noticed Jessica
  2015 | D:3      | Killed Jessica
  2015 | D:3      | Reached XP level 5. HP: 40/47 MP: 2/2
  2218 | D:3      | Reached skill level 6 in Armour
  2286 | D:3      | Reached skill level 5 in Fighting
  2569 | D:4      | Reached XP level 6. HP: 56/56 MP: 3/3
  2840 | D:4      | Noticed an ogre
  2849 | D:4      | Killed an ogre
  2849 | D:4      | Reached skill level 5 in Maces & Flails
  3081 | D:4      | Reached skill level 7 in Armour
  3081 | D:4      | Reached XP level 7. HP: 57/62 MP: 3/3
  3389 | D:4      | Noticed an ogre
  3398 | D:4      | Killed an ogre
  3556 | D:5      | Entered Level 5 of the Dungeon
  4213 | D:5      | Reached skill level 8 in Armour
  4213 | D:5      | Reached XP level 8. HP: 71/71 MP: 3/3
  5619 | D:6      | Reached skill level 9 in Armour
  5881 | D:6      | Reached XP level 9. HP: 70/81 MP: 4/4
  6180 | D:6      | Reached skill level 10 in Armour
  6582 | D:7      | Reached skill level 10 in Maces & Flails
  6820 | D:7      | Found a staircase to the Ecumenical Temple.
  6867 | Temple   | Entered the Ecumenical Temple
  6889 | Temple   | Became a worshipper of Warmaster Okawaru
  7326 | D:7      | Found a glowing golden altar of the Shining One.
  7853 | D:7      | Acquired Okawaru's first power
  7999 | D:8      | Reached XP level 10. HP: 91/91 MP: 4/4
  8029 | D:8      | Reached skill level 11 in Maces & Flails
  8413 | D:8      | Noticed a brown ugly thing
  8425 | D:8      | Killed a brown ugly thing
  8425 | D:8      | Reached skill level 10 in Fighting
  8707 | D:8      | Noticed Grum
  8709 | D:8      | Reached skill level 12 in Maces & Flails
  8726 | D:8      | Killed Grum
  9423 | D:9      | Found a staircase to the Lair.
 10001 | Lair:1   | Entered Level 1 of the Lair of Beasts
 10004 | Lair:1   | Reached XP level 11. HP: 101/101 MP: 4/4
 10026 | D:9      | Received a gift from Okawaru
 10063 | D:10     | Entered Level 10 of the Dungeon
 10089 | D:10     | Found Ublisoq's Book Boutique.
 10095 | D:10     | Noticed Josephine
 10474 | D:9      | Killed Josephine
 10474 | D:9      | Reached skill level 13 in Maces & Flails
 11029 | D:10     | Acquired Okawaru's second power
 11454 | D:11     | Noticed SaintRoka's ghost (powerful DECj)
 11510 | D:11     | Found Smaung's Gadget Shoppe.
 11511 | D:11     | Found Gevimpac's Antique Armour Boutique.
 11589 | D:11     | Found Prut Uxt's Jewellery Shoppe.
 11599 | D:11     | Bought an uncursed ring of poison resistance for 220 gold pieces
 11676 | D:11     | Found Buatt's Gadget Emporium.
 12075 | D:11     | Killed SaintRoka's ghost
 12236 | D:11     | Found Etuaw's Magic Scroll Shoppe.
 12239 | D:11     | Bought a scroll of identify for 22 gold pieces
 12239 | D:11     | Bought a scroll of identify for 22 gold pieces
 12334 | D:12     | Noticed Erolcha
 12345 | D:12     | Killed Erolcha
 12345 | D:12     | Reached skill level 14 in Maces & Flails
 12452 | D:12     | Noticed a hill giant
 12461 | D:12     | Killed a hill giant
 12462 | D:12     | Noticed an eight-headed hydra
 12474 | D:12     | Killed an eight-headed hydra
 12529 | D:12     | Found a staircase to the Orcish Mines.
 13304 | D:12     | Reached XP level 12. HP: 89/112 MP: 5/5
 13509 | D:13     | Noticed an eight-headed hydra
 13511 | D:13     | Slain by a sixfirhy

Action                   |  1- 3 |  4- 6 |  7- 9 | 10-12 || total
-------------------------+-------+-------+-------+-------++-------
Melee: Flail             |   108 |   115 |   491 |    23 ||   737
       Morningstar       |       |       |       |   707 ||   707
Evoke: Wand              |       |       |       |     7 ||     7
  Use: Scroll            |       |     9 |     3 |     9 ||    21
       Potion            |       |       |       |     4 ||     4
 Stab: Distracted        |       |       |       |     1 ||     1
       Paralysed         |       |       |       |     1 ||     1
  Eat: Chunk             |     2 |     5 |    17 |    19 ||    43
